 Dungeon Crawl Stone Soup version 0.29-a0-231-g945431f764 (webtiles) character file.

Game seed: 14653218568962143908

67998 lunkers the Slicer (level 15, -1/82 HPs)
             Began as a Vine Stalker Fighter on Feb 28, 2022.
             Was the Champion of Trog.
             Slain by an orc warlord
             ... wielding a +1 war axe
              (15 damage)
             ... on level 2 of the Orcish Mines on Mar 1, 2022.
             The game lasted 00:52:35 (20015 turns).

lunkers the Slicer (Vine Stalker Fighter)          Turns: 20015, Time: 00:52:35

Health: -1/82      AC: 14    Str: 23    XL:     15   Next: 25%
Magic:  0/25       EV: 20    Int: 12    God:    Trog [******]
Gold:   1543       SH: 13    Dex: 23    Spells: 14/14 levels left

rFire   . . .      SeeInvis .   a - +1 rapier (speed)
rCold   + + .      Faith    .   X - +0 buckler of the Dragon {rPois rCorr Int+2 Dex+4}
rNeg    . . .      Spirit   +   z - +1 ring mail of Beastly Beauty {rC++ Str+2 Int+2 Stlth+}
rPois   +          Reflect  +   p - +2 helmet
rElec   .          Harm     .   e - +0 cloak
rCorr   +          Rampage  .   y - +1 pair of gloves
Will    +....                   (no boots)
Stlth   ++........              o - amulet of reflection
HPRegen 1.03/turn               R - ring of magical power
MPRegen 0.19/turn               l - +4 ring of evasion

@: no status effects
A: fangs 3, regeneration 1, magic shield, antimagic bite, no potion heal 2
a: Renounce Religion, Berserk, Trog's Hand, Brothers in Arms


You were on level 2 of the Orcish Mines.
You worshipped Trog.
Trog was exalted by your worship.
You visited 3 branches of the dungeon, and saw 20 of its levels.
You also visited: Ossuary.

You collected 1543 gold pieces.

Inventory:

Hand Weapons
 a - a +1 rapier of speed (weapon)
 b - the +12 double sword "Osyi" {vorpal, Will+ Str+2 Int-4}
   (Trog gifted it to you on level 2 of the Orcish Mines)

   It inflicts extra damage upon your enemies.
   Str:       It affects your strength (+2).
   Int:       It affects your intelligence (-4).
   Will:      It increases your willpower.
 c - a +3 rapier of electrocution
 W - a +3 rapier of distortion
Missiles
 B - 3 throwing nets
Armour
 e - a +0 cloak (worn)
 p - a +2 helmet (worn)
 y - a +1 pair of gloves (worn)
 z - the +1 ring mail of Beastly Beauty (worn) {rC++ Str+2 Int+2 Stlth+}
   (You found it on level 4 of the Dungeon)

   Str:       It affects your strength (+2).
   Int:       It affects your intelligence (+2).
   rC:        It greatly protects you from cold.
   Stlth:     It makes you more stealthy.
 N - a +0 kite shield
 X - the +0 buckler of the Dragon (worn) {rPois rCorr Int+2 Dex+4}
   (You took it off a spriggan on level 6 of the Lair of Beasts)

   Int:       It affects your intelligence (+2).
   Dex:       It affects your dexterity (+4).
   rPois:     It protects you from poison.
   rCorr:     It protects you from acid and corrosion.
Jewellery
 f - a ring of ice
 l - a +4 ring of evasion (right hand)
 o - an amulet of reflection (around neck)
 G - a ring of protection from cold
 O - a ring of protection from fire
 R - a ring of magical power (left hand)
 V - a ring of willpower
 Y - a ring of willpower
 Z - a ring of protection from fire
Wands
 q - a wand of polymorph (6)
 u - a wand of iceblast (23)
 w - a wand of flame (14)
 J - a wand of paralysis (5)
 P - a wand of mindburst (5)
Scrolls
 h - 4 scrolls of blinking
 i - 2 scrolls of fear
 n - 4 scrolls of magic mapping
 r - 4 scrolls of teleportation
 t - 6 scrolls of identify
 A - 3 scrolls of immolation
 C - 2 scrolls of enchant armour
 H - 2 scrolls of fog
 T - a scroll of holy word
Potions
 d - 9 potions of might
 g - 11 potions of curing
 j - 2 potions of attraction
 k - a potion of magic
 m - a potion of mutation
 s - 3 potions of flight
 v - 6 potions of haste
 x - 2 potions of cancellation
 D - 3 potions of resistance
 E - 2 potions of invisibility
 F - 2 potions of lignification
 I - 4 potions of berserk rage
Miscellaneous
 K - a phial of floods
 L - a lightning rod (4/4)
 M - a tin of tremorstones (inert)
 Q - a phantom mirror (inert)


   Skills:
 + Level 11.1 Fighting
 - Level 14.0 Short Blades
 + Level 7.7 Armour
 + Level 7.0 Dodging
 + Level 11.7 Shields
 + Level 7.7 Evocations


You had 14 spell levels left.
You didn't know any spells.
Your spell library contained the following spells:

 Spells                   Type           Power      Damage    Failure   Level
 Sublimation of Blood     Necr           0%         N/A       65%         2
 Tukima's Dance           Hex            0%         N/A       87%         3
 Anguish                  Hex/Necr       0%         N/A       99%         4
 Petrify                  Tmut/Erth      0%         N/A       99%         4
 Irradiate                Conj/Tmut      0%         3d14      100%        5
 Enfeeble                 Hex            0%         N/A       100%        7


Dungeon Overview and Level Annotations

Branches:
Dungeon (12/15)            Temple (0/1) D:6            Lair (6/6) D:10
  Swamp (0/4) Lair:4       Spider (0/4) Lair:2        Slime (0/5) Lair:5
    Orc (2/2) D:12            Elf (0/3) Orc:2       Ossuary (visited)

Altars:
Ashenzari
Cheibriados
Elyvilon
Gozag
Hepliaklqana
Kikubaaqudgha
Nemelex Xobeh
Sif Muna
Trog
Uskayaw
Yredelemnul
Zin
Beogh
Lugonu

Shops:
D:4 *   D:7 ([   D:12 =   Orc:1 (   Orc:2 [*

Portals:
Abyss: Lair:6

Annotations:
D:9 6 runed translucent doors
Lair:4 2 runed translucent doors, Beilucy's ghost, journeyman FoFi
Orc:1 2 transporters, drugrobin's ghost, journeyman DgFi


Innate Abilities, Weirdness & Mutations

You have razor-sharp teeth.
Your natural rate of healing is unusually fast.
When hurt, damage is shared between your health and your magic reserves.
Your bite disrupts and absorbs the magic of your enemies.
Potions cannot restore your health.


Message History

The orc warlord is severely wounded.
Unknown command.
You hit the orc warlord.
The orc warlord is severely wounded.
Unknown command.
You hit the orc warlord. Your bite misses the orc warlord.
The orc warlord is severely wounded.
You block the orc warlord's attack.
Unknown command.
You puncture the orc warlord! You bite the orc warlord. You drain its power.
You feel invigorated.
The orc warlord is severely wounded.
Unknown command.
You hit the orc warlord but do no damage.
You bite the orc warlord, but do no damage.
The orc warlord is severely wounded.
You puncture the orc warlord!
You bite the orc warlord, but do no damage.
The orc warlord is almost dead.
The orc warlord hits you with a +1 war axe!
* * * LOW HITPOINT WARNING * * *
You hit the orc warlord.
The orc warlord is almost dead.
You barely miss the orc warlord. Your bite misses the orc warlord.
The orc warlord is almost dead.
The orc warlord hits you with a +1 war axe!
* * * LOW MAGIC WARNING * * *
* * * LOW HITPOINT WARNING * * *
Unknown command.
You puncture the orc warlord!
The orc warlord is almost dead.
Unknown command.
You hit the orc warlord.
The orc warlord is almost dead.
You closely miss the orc warlord.
You bite the orc warlord, but do no damage.
The orc warlord is almost dead.
The orc warlord hits you with a +1 war axe!!
* * * LOW MAGIC WARNING * * *
You die...

##......∩......,**,,,,,,
*......))...P..,,,*,,,,,
*,.P...........,,,,,,,,, *
**,#...).......,,,,,,,,,
*****#####,,#..).)......,,,,,,,,*
,**,##....,**#..†)..#**,,,,,,,,**
**,.....#.## *#))..##**,,,,,,,**
,,*........####.o...#*,,,,,,,,*
,,,#..#...P..#..@..##**,,,,,,,**
,,*...P.P.P.......#.##,,,,,,,,,**
,,,.....PP..P........#*,,,,,,,,,*
,,,.....................,,,,**,,,
,,,...P......PP.........,,*****,,
,....P....∩.......#.##.#,,,,*****
,..........8........#**#*,,,,* *
,............P.......* *,,,**
,...................## **,,**


You could see an orc warlord.

Vanquished Creatures
  Frances (D:12)
  An orc warlord (D:12)
  Harold (D:7)
  A boulder beetle (D:11)
  A catoblepas (Lair:3)
  5 hydras
  Fannar (D:12)
  A two-headed ogre (D:12)
  5 death yaks (Lair:3)
  4 thrashing horrors (Lair:6)
  4 slime creatures (D:12)
  An orc high priest (Orc:1)
  4 skeletal warriors
  A bog body (Lair:4)
  A deep elf pyromancer (D:10)
  3 orc knights
  2 ugly things (Lair:6)
  2 cyclopes
  3 oklob plants (Lair:5)
  A manticore (D:11)
  4 orc sorcerers
  11 elephants
  4 black mambas
  Maurice (D:12)
  An unseen horror (D:10)
  A torpor snail (Lair:5)
  12 cane toads
  2 rime drakes
  8 komodo dragons
  4 kobold demonologists
  An ancient zyme (Lair:6)
  3 polar bears
  4 trolls
  17 blink frogs (Lair:6)
  A jumping spider (shapeshifter) (Lair:6)
  A jumping spider (D:9)
  4 shadows
  2 vampires
  5 wraiths
  6 wyverns
  2 spriggans (Lair:6)
  3 ynoxinuls (Lair:6)
  46 yaks
  Grum (D:8)
  3 chaos spawn (Lair:6)
  2 redbacks (D:9)
  8 vampire mosquitoes
  2 basilisks
  3 steam dragons
  7 wargs
  2 acid dragons
  9 small abominations (Lair:6)
  16 water moccasins
  A hornet zombie (Ossuary)
  16 orc warriors
  An ice beast (D:7)
  A black bear (D:6)
  7 ogres
  19 centaurs
  2 sky beasts
  A wolf (shapeshifter) (Lair:6)
  16 wolves
  6 kobold brigands
  9 bullfrogs
  A necrophage (D:7)
  2 wyvern zombies (Ossuary)
  A water moccasin zombie (Ossuary)
  A scorpion (D:7)
  8 wights
  4 killer bees (D:9)
  4 electric eels
  8 bullfrog zombies (Ossuary)
  3 centaur zombies (Ossuary)
  A lava snake (D:11)
  11 orc priests
  A jelly (D:6)
  4 hounds
  2 gnoll shamans (D:6)
  5 iguanas
  15 orc wizards
  7 hell rats (Lair:3)
  2 killer bee zombies (Ossuary)
  12 mummies (Ossuary)
  Robin (D:3)
  7 gnolls
  A howler monkey zombie (Ossuary)
  8 adders
  3 shadow imps
  A white imp (D:8)
  A dart slug (D:1)
  51 orcs
  5 endoplasms
  2 giant cockroaches
  11 goblins
  14 hobgoblins
  2 jackals (D:3)
  4 quokkas
  A ball python (D:1)
  8 bats
  3 frilled lizards
  10 kobolds
  4 rats
547 creatures vanquished.

Vanquished Creatures (collateral kills)
  A cyclops (Orc:2)
  3 orc warriors (Orc:2)
4 creatures vanquished.

Vanquished Creatures (others)
  A gnoll sergeant (D:9)
  3 gnolls (D:9)
  A kobold (D:3)
  19 fungi
  22 plants
  8 withered plants (Ossuary)
54 creatures vanquished.

Grand Total: 605 creatures vanquished

Notes
Turn   | Place    | Note
-------+----------+-------------------------------------------
     0 | D:1      | lunkers the Vine Stalker Fighter began the quest for the
                  | Orb.
     0 | D:1      | Reached XP level 1. HP: 11/11 MP: 2/2
   127 | D:1      | Reached skill level 2 in Short Blades
   258 | D:1      | Reached XP level 2. HP: 16/16 MP: 3/3
   426 | D:1      | Reached skill level 3 in Short Blades
   426 | D:1      | Reached XP level 3. HP: 11/19 MP: 2/4
  1055 | D:2      | Gained mutation: Your natural rate of healing is unusually
                  | fast. [Vine Stalker growth]
  1055 | D:2      | Reached XP level 4. HP: 22/23 MP: 5/5
  1066 | D:2      | Reached skill level 4 in Short Blades
  1515 | D:2      | Found a faded altar of an unknown god.
  1775 | D:3      | Noticed Robin
  1791 | D:3      | Killed Robin
  1793 | D:3      | Reached XP level 5. HP: 27/27 MP: 3/6
  1844 | D:3      | Found a white marble altar of Elyvilon.
  2552 | D:4      | Found Duoreim's Lightly-Used Armoury.
  2854 | D:4      | Identified the +1 ring mail of Beastly Beauty {rC++ Str+2
                  | Int+2 Stlth+}
  2933 | D:4      | Found a bloodstained altar of Trog.
  3322 | D:4      | Became a worshipper of Trog the Wrathful
  3332 | D:5      | Entered Level 5 of the Dungeon
  3370 | D:5      | Noticed a water moccasin
  3379 | D:5      | Killed a water moccasin
  3380 | D:5      | Reached skill level 5 in Short Blades
  3380 | D:5      | Reached XP level 6. HP: 32/32 MP: 7/7
  3449 | D:5      | Reached skill level 6 in Short Blades
  3518 | D:5      | Noticed a sky beast
  3529 | D:5      | Killed a sky beast
  3549 | D:5      | Reached XP level 7. HP: 35/35 MP: 8/8
  3610 | D:5      | Found a snail-covered altar of Cheibriados.
  3623 | D:5      | Reached skill level 7 in Short Blades
  4117 | D:6      | Found a shimmering blue altar of Sif Muna.
  4211 | D:6      | Reached skill level 8 in Short Blades
  4241 | D:6      | Found a broken altar of Ashenzari.
  4312 | D:6      | Gained mutation: You have razor-sharp teeth. [Vine Stalker
                  | growth]
  4312 | D:6      | Reached XP level 8. HP: 39/39 MP: 9/9
  4498 | D:6      | Reached * piety under Trog
  4684 | D:6      | Reached skill level 9 in Short Blades
  4828 | D:6      | Found a staircase to the Ecumenical Temple.
  4935 | D:7      | Found Dymec's Armour Boutique.
  4944 | D:7      | Identified a scroll of acquirement
  4973 | D:7      | Acquired a +0 rapier of speed
  5031 | D:7      | Identified the +5 falchion "Impslayer" {venom, rElec rPois
                  | rCorr Str-3}
  5444 | D:7      | Found Igewnug's Weapon Emporium.
  5476 | D:7      | Reached skill level 10 in Short Blades
  5561 | D:7      | Reached XP level 9. HP: 41/44 MP: 10/10
  5564 | D:7      | Noticed Harold
  5576 | D:7      | Killed Harold
  5882 | D:8      | Found a sand-covered staircase.
  5890 | Ossuary  | Entered an ossuary
  5907 | Ossuary  | Reached skill level 11 in Short Blades
  5933 | Ossuary  | Reached ** piety under Trog
  6167 | Ossuary  | Reached skill level 5 in Fighting
  6167 | Ossuary  | Reached XP level 10. HP: 47/51 MP: 11/11
  6339 | D:8      | Noticed Grum
  6341 | D:8      | Killed Grum
  6450 | D:8      | Reached *** piety under Trog
  6591 | D:8      | Found a sparkling altar of Nemelex Xobeh.
  6603 | D:8      | Reached skill level 12 in Short Blades
  6693 | D:8      | Found an opulent altar of Gozag.
  7135 | D:9      | Found an ancient bone altar of Kikubaaqudgha.
  7307 | D:9      | Found a runed translucent door.
  7752 | D:9      | Reached skill level 13 in Short Blades
  8006 | D:9      | Found a hazy altar of Hepliaklqana.
  8090 | D:9      | Reached **** piety under Trog
  8093 | D:9      | Found a runed translucent gate.
  8099 | D:9      | Reached XP level 11. HP: 58/58 MP: 12/12
  8103 | D:9      | Identified the +0 whip of Eternal Vigilance {freeze, *Noise
                  | Fly rElec Int+2}
  8104 | D:9      | Found a runed translucent gate.
  8104 | D:9      | Identified the -7 hat "Aferioh" {Stlth+}
  8112 | D:9      | Found a runed translucent gate.
  8112 | D:9      | Found a runed translucent gate.
  8112 | D:9      | Found a runed translucent gate.
  8112 | D:9      | Noticed a boulder beetle
  8112 | D:9      | Noticed a lindwurm
  8113 | D:9      | Found a runed translucent gate.
  8113 | D:9      | Noticed a boulder beetle
  8165 | D:10     | Entered Level 10 of the Dungeon
  8322 | D:10     | Found a staircase to the Lair.
  8367 | D:10     | Found a white marble altar of Elyvilon.
  8367 | D:10     | Noticed a deep elf pyromancer
  8368 | D:10     | Noticed a cyclops
  8376 | D:10     | Killed a cyclops
  8379 | D:10     | Killed a deep elf pyromancer
  8407 | D:10     | Reached skill level 14 in Short Blades
  8588 | D:10     | Found a hide-covered altar of Uskayaw.
  8716 | D:10     | Found a glowing silver altar of Zin.
  8716 | D:10     | Found a basalt altar of Yredelemnul.
  9138 | Lair:1   | Entered Level 1 of the Lair of Beasts
  9189 | Lair:1   | Reached skill level 1 in Dodging
  9189 | Lair:1   | Reached skill level 1 in Evocations
  9298 | Lair:1   | HP: 3/60 [poisoned by a cane toad]
  9303 | Lair:1   | HP: 3/60 [poisoned by a cane toad]
  9707 | Lair:1   | Reached skill level 5 in Shields
  9875 | Lair:1   | Identified the +3 ring mail of Summer {-Tele Str+6}
 10134 | Lair:2   | Reached XP level 12. HP: 43/65 MP: 13/13
 10295 | Lair:2   | Found a hole to the Spider Nest.
 10579 | Lair:2   | Reached ***** piety under Trog
 11398 | Lair:3   | Noticed a catoblepas
 11515 | Lair:3   | Killed a catoblepas
 11806 | Lair:3   | Noticed a death yak
 11807 | Lair:3   | Noticed a death yak
 11807 | Lair:3   | Noticed a death yak
 11807 | Lair:3   | Noticed a death yak
 11808 | Lair:3   | Noticed a death yak
 11872 | Lair:3   | Killed a death yak
 11907 | Lair:3   | Killed a death yak
 11924 | Lair:3   | Killed a death yak
 11941 | Lair:3   | Killed a death yak
 11966 | Lair:3   | Killed a death yak
 11967 | Lair:3   | Reached XP level 13. HP: 23/70 MP: 14/14
 12070 | Lair:3   | Reached skill level 5 in Armour
 12982 | Lair:4   | Received a gift from Trog
 13067 | Lair:4   | Reached skill level 5 in Evocations
 13334 | Lair:4   | Found a large runed translucent door.
 13334 | Lair:4   | Found a large runed translucent door.
 13335 | Lair:4   | Noticed Beilucy's ghost (journeyman FoFi)
 13386 | Lair:4   | Found a staircase to the Swamp.
 14443 | Lair:5   | Reached skill level 5 in Dodging
 14665 | Lair:5   | Found a staircase to the Slime Pits.
 15235 | Lair:6   | Entered Level 6 of the Lair of Beasts
 15731 | Lair:6   | Reached skill level 10 in Fighting
 15795 | Lair:6   | Received a gift from Trog
 15876 | Lair:6   | Reached XP level 14. HP: 77/77 MP: 15/15
 15962 | Lair:6   | Identified the +0 buckler of the Dragon {rPois rCorr Int+2
                  | Dex+4}
 15999 | Lair:6   | Reached skill level 10 in Shields
 16243 | Lair:6   | Found a corrupted altar of Lugonu.
 16243 | Lair:6   | Found a one-way gate to the infinite horrors of the Abyss.
 17891 | D:12     | Noticed Maurice
 17900 | D:12     | Killed Maurice
 18100 | D:12     | Found Nuafosch's Jewellery Shoppe.
 18172 | D:12     | Found a staircase to the Orcish Mines.
 18248 | D:12     | Noticed Frances
 18269 | D:12     | Killed Frances
 18817 | D:12     | Reached ****** piety under Trog
 18817 | D:12     | Received a gift from Trog
 19152 | Orc:1    | Entered Level 1 of the Orcish Mines
 19152 | Orc:1    | Noticed Fannar
 19152 | Orc:1    | Found Coastuipn's Antique Weapon Shoppe.
 19153 | Orc:1    | Noticed an orc warlord
 19229 | D:12     | Killed Fannar
 19281 | D:12     | Reached XP level 15. HP: 35/81 MP: 16/16
 19285 | D:12     | Killed an orc warlord
 19632 | Orc:1    | Found a bloodstained altar of Trog.
 19634 | Orc:1    | Noticed drugrobin's ghost (journeyman DgFi)
 19639 | Orc:1    | Found a transporter.
 19642 | Orc:1    | Found a transporter.
 19735 | Orc:1    | Found the +10 tower shield of Ignorance {rN+ Int-4}
 19895 | Orc:2    | Entered Level 2 of the Orcish Mines
 19895 | Orc:2    | Found Mots's Antique Armour Emporium.
 19960 | Orc:2    | Noticed an orc warlord
 19962 | Orc:2    | Found Laoraffeph's General Store.
 19974 | Orc:2    | Identified the +12 double sword "Osyi" {vorpal, Will+ Str+2
                  | Int-4} (Trog gifted it to you on level 2 of the Orcish
                  | Mines)
 19974 | Orc:2    | Received a gift from Trog
 20015 | Orc:2    | Slain by an orc warlord

Illustrated notes

Levels and vault maps discovered:
D:1:      wheals_arrival_shading, layout_loops_ring
D:2:      layout_basic, shapermc_ecumenical_altar_hornbeckon,
          minmay_diced_spiral
D:3:      layout_basic, elyvilon_altar_3, st_stairs_7, minmay_misc_feat_pillars,
          minivault_11, uniq_robin
D:4:      layout_loops_ring, trog_butcher_becter, minmay_misc_feat_room,
          minmay_shop_damaged
D:5:      layout_gridville, old_standard_altar
D:6:      layout_gridville, mainiacjoe_overflow_surrounded_room, led_sif_pool,
          minmay_temple_entry_poolview, dk_noncrumbling_4
D:7:      layout_basic, serial_shops, shop_statue, nicolae_diamond_shop,
          palyth_stone_intersect, kennysheep_generic_room_4, uniq_harold
D:8:      layout_basic, mainiacjoe_overflow_alcove_1, lemuel_tele_altar,
          nicolae_ossuary_entry_plus, dk_noncrumbling_2, uniq_grum
D:9:      gammafunk_indiana_jones, layout_irregular_city,
          worldfamousw_hep_ancestral_shrine, lemuel_crystal_altar,
          lemuel_flamethrower_hall
D:10:     layout_gridville, mainiacjoe_overflow_paths,
          gammafunk_temple_overflow_pools, minmay_ruined_shrine
D:11:     layout_big_octagon
D:12:     layout_loops_ring, minmay_orc_entry_guard_dogs, serial_shops, shop,
          uniq_frances, uniq_maurice
Lair:1:   layout_long_grid, wad_woods_road_02, minivault_27
Lair:2:   layout_cave_pods, spider_nest_entry_web_field, minmay_hedge_maze,
          grunt_megastairs_4
Lair:3:   layout_cave_pods, serial_bayou_shore_a
Lair:4:   layout_regular_city, skrybe_swamp_entry_bodies,
          ebering_ghost_disaster_area, chequers_serial_rivers_small_a,
          lemuel_fruit_tree
Lair:5:   layout_loops_ring, minmay_slime_entry_oklob_enclosed,
          grunt_megastairs_2, infiniplex_staircase_pool, serial_bayou_shore_b,
          serial_bayou_shore_b
Lair:6:   hellmonk_lair_end_abyssal_woods, layout_small_grid, grunt_megastairs_1
Orc:1:    layout_caves, gammafunk_ghost_wrathful_warriors, basic_altar,
          serial_shops, shop, uniq_fannar
Orc:2:    grunt_orc_gardens, layout_caves, grunt_orc_garden, grunt_orc_garden,
          grunt_orc_garden, grunt_orc_garden, nicolae_volcano_entry_s_turn,
          serial_shops, shop, basic_altar

Skill      XL: |  1  2  3  4  5  6  7  8  9 10 11 12 13 14 15 |
---------------+----------------------------------------------+-----
Short Blades   | 2 3 4 5 6 8 10 11 13 14 | 14.0
Fighting       | 3 5 6 8 9 10 11 | 11.1
Shields        | 3 4 5 7 9 11 | 11.7
Dodging        | 2 4 5 6 7 |  7.0
Evocations     | 2 4 6 7 |  7.7
Armour         | 3 4 6 7 |  7.7

Action                   |  1- 3 |  4- 6 |  7- 9 | 10-12 | 13-15 || total
-------------------------+-------+-------+-------+-------+-------++-------
Melee: Rapier            |    66 |   143 |   342 |   939 |  1797 ||  3287
       Bite              |    12 |    26 |   127 |   457 |   783 ||  1405
Invok: Berserk           |       |       |     2 |     1 |     2 ||     5
Evoke: Wand              |       |       |       |     3 |    36 ||    39
       Lightning rod     |       |       |       |       |     8 ||     8
       Phantom mirror    |       |       |       |       |     2 ||     2
       Phial of floods   |       |       |       |       |     1 ||     1
       Tin of tremorston |       |       |       |       |     4 ||     4
  Use: Scroll            |       |    15 |     6 |     9 |     5 ||    35
 Stab: Sleeping          |       |     6 |     6 |     6 |     5 ||    23
       Distracted        |       |       |     3 |     1 |     1 ||     5
       Petrified         |       |       |       |     3 |       ||     3
Armor: Scale mail        |    33 |    39 |       |       |       ||    72
       Ring mail         |       |    23 |    55 |   128 |   201 ||   407
Dodge: Dodged            |    27 |    52 |    77 |   176 |   487 ||   819
Block: Buckler           |    11 |    56 |   106 |    75 |   105 ||   353
       Reflection        |       |     3 |       |     2 |    22 ||    27
       Kite shield       |       |       |       |   256 |   902 ||  1158

Table legend: (Time is in decaauts)
 A = Elapsed time spent in this place.
 B = Non-inter-level travel time spent in this place.
 C = Inter-level travel time spent in this place.
 D = Time resting spent in this place.
 E = Time spent auto-exploring this place.
 F = Levels seen in this place.
 G = Mean time per level.
                   A        B        C        D        E       F      G
               +--------+--------+--------+--------+--------+-----+--------+
         Total |  18523 |  17053 |   1470 |    387 |  12937 |  21 |  882.0 |
       Dungeon |  10955 |   9972 |    983 |    217 |   7773 |  12 |  912.9 |
          Lair |   6723 |   6294 |    429 |    160 |   4731 |   6 | 1120.5 |
  Orcish Mines |    533 |    476 |     57 |     10 |    290 |   2 |  266.5 |
       Ossuary |    310 |    310 |      0 |      0 |    142 |   1 |  310.0 |
               +--------+--------+--------+--------+--------+-----+--------+

Top non-repeatable levels by time:
  Lair:3: 1400 daAuts
  Lair:2: 1296 daAuts
  Lair:6: 1263 daAuts
  Lair:5: 1177 daAuts
    D:10: 1174 daAuts
    D:12: 1056 daAuts
     D:8: 1039 daAuts
     D:9: 1022 daAuts
     D:1: 963 daAuts
     D:7: 920 daAuts
     D:4: 845 daAuts
     D:5: 813 daAuts
    D:11: 812 daAuts
  Lair:1: 807 daAuts
  Lair:4: 778 daAuts
